 Dungeon Sprint DCSS version 0.21.1-1-g345015fe64 (webtiles) character file.

1161 Jannitor the Fighter (level 8, -2/106 HPs)
             Began as a Demonspawn Gladiator on May 23, 2018.
             Was a High Priest of Uskayaw.
             Killed from afar by a deep elf mage (12 damage)
             ... with a magic dart
             ... in the Dungeon (Sprint V: "Ziggurat Sprint").
             The game lasted 00:01:49 (242 turns).

Jannitor the Fighter (Demonspawn Gladiator)          Turns: 242, Time: 00:01:50

Health: -2/106     AC:  5    Str: 27    XL:     8   Next: 16%
Magic:  8/8        EV: 19    Int: 10    God:    Uskayaw [*****.]
Gold:   0          SH: 11    Dex: 26    Spells: 7/7 levels left

rFire    . . .     SeeInvis .   l - +5 quick blade
rCold    . . .     Gourm    .   I - +3 buckler
rNeg     . . .     Faith    .   b - +0 leather armour
rPois    .         Spirit   .   c - +0 helmet
rElec    .         Reflect  .   (no cloak)
rCorr    .         Harm     .   (gloves unavailable)
MR       .....     NoTele   +   (no boots)
Stlth    ..........             (no amulet)
HPRegen  0.27/turn              x - +6 ring of dexterity
MPRegen  0.11/turn              C - +6 ring of strength

@: agile, berserking (expiring), very quick
A: claws 3, spiny 1
a: Stomp, Line Pass, Grand Finale, Renounce Religion


You were in the Dungeon.
You worshipped Uskayaw.
Uskayaw was noncommittal.
You were not hungry.

You visited 1 branch

Inventory:

Hand Weapons
 a - a +0 rapier
 l - a +5 quick blade (weapon)
Missiles
 d - 3 throwing nets (quivered)
Armour
 b - a +0 leather armour (worn)
 c - a +0 helmet (worn)
 G - a +5 crystal plate armour
 H - +5 gold dragon scales
 I - a +3 buckler (worn)
 J - a +3 shield
Jewellery
 x - a +6 ring of dexterity (left claw)
 y - a +6 ring of dexterity
 z - a +6 ring of intelligence
 A - a +6 ring of intelligence
 B - a +6 ring of strength
 C - a +6 ring of strength (right claw)
 K - an uncursed ring of positive energy
Wands
 D - a wand of disintegration (7)
 E - a wand of iceblast (7)
 F - a wand of acid (7)
Scrolls
 k - 4 scrolls of blinking
 s - 4 scrolls of amnesia
 t - 7 scrolls of fog
 u - 5 scrolls of identify
 v - 5 scrolls of remove curse
 w - 2 scrolls of fear
Potions
 e - 10 potions of curing
 g - 9 potions of heal wounds
 h - 6 potions of haste
 i - 7 potions of magic
 j - 2 potions of berserk rage
 m - 2 potions of brilliance
 n - 2 potions of invisibility
 o - 4 potions of resistance
 q - 4 potions of agility
 r - 5 potions of might
Miscellaneous
 p - a lightning rod (4/4)
 L - a fan of gales
Comestibles
 f - 7 rations


   Skills:
 + Level 9.4 Fighting
 + Level 8.9 Short Blades
 - Level 1.7 Throwing
 + Level 8.3 Armour
 - Level 2.6 Dodging
 + Level 8.3 Shields


You had 7 spell levels left.
You didn't know any spells.

Dungeon Overview and Level Annotations

Branches:
Dungeon (1/1)

Altars:
Ashenzari
Cheibriados
Dithmenos
Elyvilon
Fedhas
Gozag
Hepliaklqana
Kikubaaqudgha
Makhleb
Nemelex Xobeh
Okawaru
Qazlal
Ru
Sif Muna
Trog
Uskayaw
Vehumet
Wu Jian
Xom
Yredelemnul
Zin
The Shining One
Beogh
Jiyva
Lugonu

Annotations:
D 1 transporter


Innate Abilities, Weirdness & Mutations

You have claws for hands.
You are partially covered in sharp spines.


Message History

The deep elf mage drinks a potion.
The deep elf mage suddenly seems more agile.
Unknown command.
You puncture the deep elf mage!
You kill the hell rat!
The hell rat's corpse disappears in a puff of smoke!
The deep elf mage is almost dead.
You can now merge with and destroy a victim.
Unknown command.
You barely miss the deep elf mage.
The deep elf mage is almost dead.
Unknown command.
You closely miss the deep elf mage.
The deep elf mage is almost dead.
Unknown command.
You completely miss the deep elf mage.
The deep elf mage is almost dead.
The deep elf mage points at you and mumbles some strange words.
The magic dart hits you!
You die...

▓▓▓▓▓▓▓▓▓▓▓▓▓▓▓▓▓▓▓
▓.8©8.▓.8©8.▓.8©8.▓
▓.[!..▓.)...▓.....▓
▓*§s..▓.....▓.....▓
▓.....▓.....▓.)...▓
▓..ee.▓.....▓.....▓
▓..@..▓.....▓..©..▓
▓.)©..▓..©..▓▓▓▓▓▓▓
▓▓▓▓▓▓▓▓▓▓▓▓▓


You could see 2 deep elf magi, a redback and a battlesphere.

Vanquished Creatures
  A dancing weapon (D)
  A deep elf archer (D)
  2 crimson imps (D)
  2 white imps (D)
  A giant cockroach simulacrum (D)
7 creatures vanquished.

Vanquished Creatures (others)
  A spatial maelstrom (D)
1 creature vanquished.

Grand Total: 8 creatures vanquished

Notes
Turn   | Place    | Note
-------+----------+-------------------------------------------
     0 | D        | Found the +6 Majin-Bo {vamp, Archmagi MP+6 Int+6}
     0 | D        | Found the +7 great mace "Firestarter" {inner flame, rF++}
     0 | D        | Jannitor the Demonspawn Gladiator began the quest for the Orb.
     0 | D        | Reached XP level 1. HP: 16/16 MP: 1/1
     2 | D        | Found a blossoming altar of Fedhas.
     3 | D        | Found a viscous altar of Jiyva.
     3 | D        | Found a hazy altar of Hepliaklqana.
     3 | D        | Found a transporter.
     3 | D        | Found an opulent altar of Gozag.
     3 | D        | Found an ancient bone altar of Kikubaaqudgha.
     3 | D        | Found a corrupted altar of Lugonu.
     6 | D        | Banished a spatial maelstrom
    17 | D        | Found a deep blue altar of Sif Muna.
    17 | D        | Found a sacrificial altar of Ru.
    17 | D        | Found a bloodstained altar of Trog.
    17 | D        | Found a stormy altar of Qazlal.
    17 | D        | Found an iron altar of Okawaru.
    17 | D        | Found a sparkling altar of Nemelex Xobeh.
    19 | D        | Found a burning altar of Makhleb.
    36 | D        | Found the +9 heavy crossbow "Sniper" {velocity, Acc+∞ SInv}
    36 | D        | Found the +10 dark maul {crush}
    36 | D        | Found the +15 Maxwell's patent armour {-Cast -Tele rElec MR+ rCorr}
    36 | D        | Found the +18 shield of the Gong {rElec rN+ MR+ EV-5}
    36 | D        | Found the cursed +14 obsidian axe {chop, +Fly SInv *Curse}
    37 | D        | Found the +6 shillelagh "Devastator" {shatter}
    37 | D        | Found the +11 plutonium sword {*Contam Stlth-}
    37 | D        | Found the +8 lance "Wyrmbane" {slay drac, rPois rF+ rC+ AC+3}
    37 | D        | Found the +9 sword of Zonguldrok {reap}
    37 | D        | Found the cursed +13 scythe of Curses {drain, *Curse}
    37 | D        | Found the +0 sword of Power
    37 | D        | Found the +13 mace of Variability {chaos}
    37 | D        | Found the +7 Singing Sword
    37 | D        | Found the +7 longbow "Piercer" {penet, EV-2}
    63 | D        | Became a worshipper of Uskayaw the Reveler
    85 | D        | Reached skill level 4 in Fighting
    85 | D        | Gained mutation: You have sharp fingernails. [demonic ancestry]
    85 | D        | Reached XP level 2. HP: 25/25 MP: 2/2
    94 | D        | Entered arena 2.
    94 | D        | Noticed a crimson imp
    94 | D        | Noticed a crimson imp
    94 | D        | Found a transporter.
    97 | D        | Reached * piety under Uskayaw
    99 | D        | Reached ** piety under Uskayaw
   100 | D        | Killed a crimson imp
   100 | D        | Reached XP level 3. HP: 31/31 MP: 3/3
   102 | D        | Reached *** piety under Uskayaw
   103 | D        | Reached skill level 5 in Fighting
   103 | D        | Reached skill level 5 in Short Blades
   103 | D        | Gained mutation: You have very sharp fingernails. [demonic ancestry]
   103 | D        | Reached XP level 4. HP: 39/39 MP: 4/4
   110 | D        | Entered arena 3.
   110 | D        | Found a transporter.
   128 | D        | Reached **** piety under Uskayaw
   223 | D        | Entered arena 4.
   223 | D        | Noticed a deep elf mage
   223 | D        | Noticed a dire flail of protection
   223 | D        | Noticed a deep elf mage
   223 | D        | Noticed a deep elf archer
   223 | D        | Found a transporter.
   234 | D        | Killed a dire flail of protection
   234 | D        | Reached skill level 8 in Fighting
   234 | D        | Gained mutation: You have claws for hands. [demonic ancestry]
   234 | D        | Reached XP level 5. HP: 45/51 MP: 5/5
   234 | D        | Gained mutation: You are partially covered in sharp spines. [demonic ancestry]
   234 | D        | Reached XP level 6. HP: 51/57 MP: 6/6
   234 | D        | Reached XP level 7. HP: 56/63 MP: 7/7
   236 | D        | Killed a deep elf archer
   236 | D        | Reached skill level 9 in Fighting
   236 | D        | Reached XP level 8. HP: 64/71 MP: 8/8
   239 | D        | Reached ***** piety under Uskayaw
   242 | D        | Killed from afar by a deep elf mage

Skill      XL: |  1  2  3  4  5  6  7 |
---------------+----------------------+-----
Fighting       | 4 5 8 9 |  9.4
Short Blades   | 4 5 8 |  8.9
Armour         | 3 4 7 8 |  8.3
Shields        | 3 4 7 8 |  8.3
Throwing       | |  1.7
Dodging        | |  2.6

Action                   |  1- 3 |  4- 6 |  7- 9 || total
-------------------------+-------+-------+-------++-------
Melee: Quick blade       |     7 |    24 |     7 ||    38
  Use: Potion            |     1 |     3 |       ||     4
 Stab: Paralysed         |     1 |       |     2 ||     3
Armor: Leather armour    |     2 |       |       ||     2
Dodge: Dodged            |     2 |     4 |       ||     6
Block: Buckler           |     2 |     3 |       ||     5
